 Dungeon Crawl Stone Soup version 0.22-a0-815-gb582571 (webtiles) character file.

26 iamserjio the Ducker (level 2, -2/16 HPs)
             Began as a Spriggan Monk on July 23, 2018.
             Slain by a hobgoblin
             ... wielding a +0 club
              (6 damage)
             ... on level 1 of the Dungeon.
             The game lasted 00:02:01 (346 turns).

iamserjio the Ducker (Spriggan Monk)                 Turns: 346, Time: 00:02:02

Health: -2/16      AC:  9    Str:  7    XL:     2   Next: 89%
Magic:  3/3        EV: 21    Int: 11    God:
Gold:   26         SH:  0    Dex: 18    Spells: 1/1 levels left

rFire    . . .     SeeInvis +   d - +1 dagger (protect)
rCold    . . .     Gourm    .   (shield restricted)
rNeg     . . .     Faith    .   b - +0 robe
rPois    .         Spirit   .   (helmet restricted)
rElec    .         Reflect  .   (no cloak)
rCorr    .         Harm     .   (gloves unavailable)
MR       .....                  (boots unavailable)
Stlth    +++.......             (no amulet)
HPRegen  0.05/turn              (no ring)
MPRegen  0.08/turn              (no ring)

@: protection aura, very quick
A: very small, unfitting armour, see invisible, herbivore, speed 3, slow
metabolism 2
a: no special abilities


You were on level 1 of the Dungeon.
You were not hungry.

You visited 1 branch of the dungeon, and saw 1 of its levels.

You collected 26 gold pieces.

Inventory:

Hand Weapons
 a - a +0 short sword
 d - a +1 dagger of protection (weapon)
Armour
 b - a +0 robe (worn)
Scrolls
 e - a scroll of immolation {unknown}
 f - 2 scrolls of random uselessness {unknown}
Comestibles
 c - a ration


   Skills:
 - Level 2.4 Fighting
 + Level 3.8 Short Blades
 - Level 5.0 Dodging
 + Level 4.0 Stealth


You had one spell level left.
You didn't know any spells.
Your spell library was empty.

Dungeon Overview and Level Annotations

Branches:
Dungeon (1/15)

Altars:


Innate Abilities, Weirdness & Mutations

You are very small and have problems with some larger weapons.
You are too small for most types of armour.
You have supernaturally acute eyesight. (SInv)
You are a herbivore.
You cover ground extremely quickly.
You need to consume almost no food.


Message History

You hit the jackal.
The jackal is severely wounded.
The jackal bites you.
* * * LOW HITPOINT WARNING * * *
You hit the jackal.
The jackal is almost dead.
The jackal completely misses you. x2
You hit the jackal but do no damage.
The jackal is almost dead.
The jackal closely misses you.
You hit the jackal.
You kill the jackal!
Your Stealth skill increases to level 4!
You see here a jackal corpse.
A hobgoblin comes into view. It is wielding a club.
The hobgoblin shouts!
You hit the hobgoblin but do no damage.
Your weapon exudes an aura of protection.
The hobgoblin hits you with a club.
You die...

# #.#
###########
#.#
..........#
#†#
.)........#
#.#
...†.)....#
#.#
....>.....#
#.#
..........#
#.#
..........#
#######.#
..........#
#..g@...#
..........#
#.#######
##'########
#.# #. #.#
#.# #.#
#.##### #.#
#.#...# #.#
#.#.#.# #
#.#
#.###.##.#


You could see a hobgoblin.

Vanquished Creatures
  A leopard gecko (D:1)
  A ball python (D:1)
  2 bats (D:1)
  2 giant cockroaches (D:1)
  5 goblins (D:1)
  3 hobgoblins (D:1)
  2 jackals (D:1)
  2 frilled lizards (D:1)
  2 kobolds (D:1)
  2 rats (D:1)
22 creatures vanquished.

Notes
Turn   | Place    | Note
-------+----------+-------------------------------------------
     0 | D:1      | iamserjio the Spriggan Monk began the quest for the Orb.
     0 | D:1      | Reached XP level 1. HP: 11/11 MP: 2/2
   102 | D:1      | Reached XP level 2. HP: 7/16 MP: 3/3
   277 | D:1      | Reached skill level 5 in Dodging
   346 | D:1      | Slain by a hobgoblin

Vault maps used:
D:1:      onia_arrival_mini_spirals

Skill      XL: |  1  2 |
---------------+-------+-----
Dodging        | 5 |  5.0
Stealth        | 4 |  4.0
Fighting       | |  2.4
Short Blades   | |  3.8

Action                   || total
-------------------------++-------
Melee: Short sword       ||    39
       Dagger            ||    84
 Stab: Sleeping          ||     3
Armor: Robe              ||     9
Dodge: Dodged            ||    94

Table legend:
 A = Spawn XP
 B = Non-spawn XP
 C = Spawn XP percentage of total XP
 D = Spawn monster count
 E = Non-spawn monster count
 F = Spawn count percentage of total count
 G = Total turns spent on level
                    A         B        C        D         E        F      G
               +---------+---------+-------+---------+---------+-------+---------
         Total |       0 |      38 |   0.0 |       0 |      22 |   0.0 |   346
               +---------+---------+-------+---------+---------+-------+---------
           D:1 |       0 |      38 |   0.0 |       0 |      22 |   0.0 |   346
               +---------+---------+-------+---------+---------+-------+---------
